 Dungeon Crawl Stone Soup version 0.26-b1-57-gb162d0664a (webtiles) character file.

Game seed: 1675895288743625498

177 H0rd4k the Magician (level 5, -4/28 HPs)
             Began as a Deep Elf Hedge Wizard on Jan 8, 2021.
             Killed by divine providence
             ... invoked by an orc priest
              (16 damage)
             ... on level 3 of the Dungeon.
             The game lasted 00:04:37 (2982 turns).

H0rd4k the Magician (Deep Elf Hedge Wizard)         Turns: 2982, Time: 00:04:37

Health: -4/28      AC:  2    Str:  7    XL:     5   Next: 31%
Magic:  9/16       EV: 13    Int: 20    God:
Gold:   41         SH:  0    Dex: 14    Spells: 8/17 levels left

rFire    . . .     SeeInvis .   a - +0 dagger
rCold    . . .     Faith    .   (no shield)
rNeg     . . .     Spirit   .   b - +0 robe
rPois    .         Reflect  .   c - +0 hat
rElec    .         Harm     .   (no cloak)
rCorr    .         Rampage  .   (no gloves)
Will     .....                  (no boots)
Stlth    ++........             e - amulet of regeneration
HPRegen  0.49/turn              (no ring)
MPRegen  0.15/turn              (no ring)

@: very slightly contaminated
A: no striking features
a: no special abilities


You were on level 3 of the Dungeon.
You visited 1 branch of the dungeon, and saw 3 of its levels.

You collected 41 gold pieces.

Inventory:

Hand Weapons
 a - a +0 dagger (weapon)
Armour
 b - a +0 robe (worn)
 c - a +0 hat (worn)
Jewellery
 e - an amulet of regeneration (around neck)
Wands
 h - a wand of acid (9)
Scrolls
 d - 2 scrolls of remove curse {unknown}
 f - a scroll of enchant weapon {unknown}
 g - 5 scrolls of identify {unknown}
 m - a scroll of fear {unknown}
Potions
 i - a potion of might {unknown}
 j - a potion of curing {unknown}
 k - 2 potions of ambrosia {unknown}
 l - a potion of attraction {unknown}


   Skills:
 + Level 2.8 Dodging
 + Level 2.9 Stealth
 + Level 6.5 Spellcasting
 + Level 2.3 Conjurations
 + Level 1.1 Summonings
 + Level 1.1 Translocations
 * Level 0.8 Fire Magic
 + Level 1.6 Air Magic
 + Level 1.1 Poison Magic


You had 8 spell levels left.
You knew the following spells:

 Your Spells              Type           Power        Failure   Level
a - Magic Dart            Conj           64%          3%          1
b - Blink                 Tloc           N/A          10%         2
c - Conjure Flame         Conj/Fire      12%          16%         3
d - Mephitic Cloud        Conj/Pois/Air  13%          16%         3

Your spell library contained the following spells:

 Spells                   Type           Power        Failure   Level
 Call Imp                 Summ           10%          10%         2
 Slow                     Hex            6%           16%         2


Dungeon Overview and Level Annotations

Branches:
Dungeon (3/15)

Altars:
Ashenzari
Cheibriados
Hepliaklqana
Xom

Annotations:
D:1 exclusion: downstairs


Message History

The spell is quite dangerous to cast (16% risk of failure)!
Continue anyway?
Aiming: Mephitic Cloud (quite dangerous; 16% risk of failure)
Press: ? - help, Shift-Dir - straight line, f - orc
Aim: an orc, wearing a +0 leather armour You miscast Mephitic Cloud.
Nothing appears to happen.
Unknown command.
Casting: Mephitic Cloud (quite dangerous; 16% risk of failure)
Confirm with . or Enter, or press ? or * to list all spells.
The spell is quite dangerous to cast (16% risk of failure)!
Continue anyway?
Aiming: Mephitic Cloud (quite dangerous; 16% risk of failure)
Press: ? - help, Shift-Dir - straight line, f/p - orc
Aim: an orc, wearing a +0 leather armour The ball explodes into a vile cloud!
The stinking cloud engulfs the orc but does no damage.
The orc is engulfed in noxious fumes.
Unknown command.
The orc priest mumbles some strange prayers to Beogh against you.
Beogh smites you!
Ouch! That really hurt!
You die...

#..##......#(..#.#####.#
###..###.....o..##.o.....#
###
#........#.#######.......#
..## #.#..#####.#
######### #..### #...##
#.#### ##.._####.###
#....# #).####.....#
####.#
..##..#.....########o#
####..#.........@.o☼.#
..##..#......#######○#
..##..#......# #.#
......######.# #.# #.#####
#.# #.# ....# #.# #.#
#.#.# ####.# #.# #.#.#
#....#######.# #...#
#<##.........#


You could see an orc priest and an orc.

Vanquished Creatures
  4 gnolls (D:2)
  6 adders (D:2)
  An ooze (D:3)
  A worm (D:2)
  A dart slug (D:1)
  A leopard gecko (D:1)
  7 orcs (D:3)
  2 giant cockroaches
  5 goblins
  8 hobgoblins
  10 jackals (D:1)
  A quokka (D:2)
  2 ball pythons
  8 bats
  2 frilled lizards
  6 kobolds
  5 rats
70 creatures vanquished.

Notes
Turn   | Place    | Note
-------+----------+-------------------------------------------
     0 | D:1      | H0rd4k the Deep Elf Hedge Wizard began the quest for the
                  | Orb.
     0 | D:1      | Reached XP level 1. HP: 10/10 MP: 7/7
   158 | D:1      | Reached skill level 5 in Spellcasting
   161 | D:1      | Reached XP level 2. HP: 15/15 MP: 2/10
   793 | D:1      | Reached XP level 3. HP: 19/19 MP: 6/12
   796 | D:1      | Learned a level 2 spell: Blink
   800 | D:1      | Learned a level 3 spell: Conjure Flame
   804 | D:1      | Learned a level 3 spell: Mephitic Cloud
  1382 | D:2      | Found a faded altar of an unknown god.
  1483 | D:2      | Reached skill level 6 in Spellcasting
  1580 | D:2      | Reached skill level 1 in Air Magic
  1580 | D:2      | Reached XP level 4. HP: 19/24 MP: 8/14
  2351 | D:2      | Reached XP level 5. HP: 28/28 MP: 13/15
  2369 | D:2      | Reached skill level 1 in Poison Magic
  2616 | D:3      | Found a broken altar of Ashenzari.
  2616 | D:3      | Found a snail-covered altar of Cheibriados.
  2623 | D:3      | Found a shimmering altar of Xom.
  2701 | D:3      | Found a hazy altar of Hepliaklqana.
  2703 | D:3      | Found a faded altar of an unknown god.
  2982 | D:3      | Killed from afar by an orc priest

Illustrated notes

Levels and vault maps discovered:
D:1:      matt_arrival_diagonals, layout_loops_ring, minmay_misc_feat_columns
D:2:      layout_loops_ring, chequers_ecumenical_altar_simple_redux
D:3:      layout_loops_cross, chequers_temple_overflow_minitemple, uniq_natasha,
          uniq_jessica

Skill      XL: |  1  2  3  4  5 |
---------------+----------------+-----
Spellcasting   | 5 6 |  6.5
Air Magic      | 1 |  1.6
Conjurations   | 2 |  2.3
Poison Magic   | 1 |  1.1
Dodging        | |  2.8
Stealth        | |  2.9
Summonings     | |  1.1
Translocations | |  1.1
Fire Magic     | |  0.8

Action                   |  1- 3 |  4- 6 || total
-------------------------+-------+-------++-------
Melee: Dagger            |       |     1 ||     1
 Cast: Magic Dart        |   104 |   104 ||   208
       Conjure Flame     |       |     2 ||     2
       Blink             |       |     1 ||     1
       Mephitic Cloud    |       |     1 ||     1
Armor: Robe              |     4 |     5 ||     9
Dodge: Dodged            |    17 |    35 ||    52
